 Dungeon Crawl Stone Soup version 0.19.5 (console) character file.

124 Grinner the Ducker (level 4, 0/23 HPs)
             Began as a Spriggan Fighter on Mar 2, 2017.
             Succumbed to Crazy Yiuf's poison
             ... on level 2 of the Dungeon.
             The game lasted 00:04:36 (1833 turns).

Grinner the Ducker (Spriggan Fighter)               Turns: 1833, Time: 00:04:38

Health: 0/23       AC:  2    Str: 18    XL:     4   Next: 81%
Magic:  5/5        EV: 19    Int:  9    God:
Gold:   150        SH:  8    Dex: 15    Spells: 0 memorised, 3 levels left

rFire  . . .     SeeInvis +     a - +3 rapier (vamp)
rCold  . . .     Gourm    .     b - +0 robe
rNeg   . . .     Faith    .     o - +2 buckler
rPois  .         Spirit   .     (helmet restricted)
rElec  .         Reflect  .     (no cloak)
rCorr  .         Harm     .     (gloves unavailable)
MR     .....                    (boots unavailable)
Stlth  +.........               (no amulet)
                                (no ring)
                                (no ring)

@: mighty, lethally poisoned (0 -> -6), very quick
A: unfitting armour, see invisible, herbivore 3, speed 3, slow metabolism 2
a: no special abilities


You were on level 2 of the Dungeon.
You were not hungry.

You visited 1 branch of the dungeon, and saw 2 of its levels.

You collected 150 gold pieces.

Inventory:

Hand Weapons
 a - a +3 vampiric rapier (weapon)
Armour
 b - a +0 robe (worn)
 c - a +0 cloak
 o - a +2 buckler (worn)
Wands
 n - a wand of iceblast (10/15)
Scrolls
 e - 2 scrolls of remove curse
 h - a scroll of fear
 j - a scroll of recharging
 k - a scroll of noise
Potions
 d - a potion of might
Comestibles
 f - 2 bread rations
 l - a slice of pizza


   Skills:
 - Level 2.4 Fighting
 + Level 3.5 Short Blades
 - Level 4.4 Dodging
 * Level 3.6 Shields


You had 3 spell levels left.
You didn't know any spells.

Dungeon Overview and Level Annotations

Branches:
Dungeon (2/15)

Altars:
Trog


Innate Abilities, Weirdness & Mutations

You are very small and have problems with some larger weapons.
You are too small for most types of armour.
You have supernaturally acute eyesight. (SInv)
You are a herbivore.
You cover ground extremely quickly.
You need consume almost no food.


Message History

Okay, then.
As you read the scroll labeled WIRRYPEASO, it crumbles to dust.
You assume a fearsome visage.
Nothing appears to happen.
It was a scroll of fear.
* * * LOW HITPOINT WARNING * * *
You feel sick.
As you read the scroll labeled MUDGHO EKONI, it crumbles to dust.
It is a scroll of recharging.
Charge which item? (? for menu, Esc to quit)
Your wand of iceblast glows for a moment.
As you read the scroll labeled USEORO VELOOSS, it crumbles to dust.
You hear a loud clanging noise!
It was a scroll of noise.
* * * LOW HITPOINT WARNING * * *
You feel sick.
As you read the scroll labeled EKHUUBE SANWY, it crumbles to dust.
Your brain hurts!
It was a scroll of random uselessness.
* * * LOW HITPOINT WARNING * * *
You feel sick.
You die...

#..#....## #.....)....#...#
##.####..########.###.###..#..)#
#..# ##........#.# #.# #..#...#
###.# ########.#.###'###g.#####
....## #.#...'_'....# ##..g###
#.#.#######..# ###...# #...# ###
#..# #...##########.#######.####
######..........@.......(....#
............#########........#
######............# ##.......# #
######.#####............# ##
##...#<..######.......#
.#######.........# #.......#
.)................# #.......#
.######...........# #.......# ##
#.........<.# #########


There were no monsters in sight!

Vanquished Creatures
  Crazy Yiuf (D:2)
  Ijyb (D:2)
  2 adders (D:2)
  3 dart slugs
  2 leopard geckos
  3 bats
  3 goblins (D:1)
  6 hobgoblins
  5 jackals
  8 kobolds
  2 frilled lizards (D:2)
  7 rats
43 creatures vanquished.

Notes
Turn   | Place    | Note
-------+----------+-------------------------------------------
     0 | D:1      | Grinner the Spriggan Fighter began the quest for the Orb.
     0 | D:1      | Reached XP level 1. HP: 11/11 MP: 2/2
   269 | D:1      | Reached XP level 2. HP: 16/16 MP: 3/3
   865 | D:2      | Reached XP level 3. HP: 19/19 MP: 4/4
   869 | D:2      | Noticed Ijyb
   896 | D:2      | Killed Ijyb
   969 | D:2      | Found a bloodstained altar of Trog.
   980 | D:2      | Reached XP level 4. HP: 23/23 MP: 5/5
  1416 | D:2      | Found a runed door.
  1420 | D:2      | Noticed Crazy Yiuf
  1815 | D:2      | Killed Crazy Yiuf
  1828 | D:2      | HP: 1/23 [poisoned by Crazy Yiuf]
  1833 | D:2      | Succumbed to Crazy Yiuf's poison

Skill      XL: |  1  2  3 |
---------------+----------+-----
Short Blades   | 3 |  3.5
Shields        | 3 |  3.6
Fighting       | |  2.4
Dodging        | |  4.4

Action                   |  1- 3 |  4- 6 || total
-------------------------+-------+-------++-------
Melee: Rapier            |   105 |    45 ||   150
  Use: Scroll            |       |     6 ||     6
       Potion            |       |     4 ||     4
 Stab: Sleeping          |     2 |       ||     2
  Eat: Bread ration      |       |     1 ||     1
Armor: Robe              |     7 |     4 ||    11
Dodge: Dodged            |    58 |    27 ||    85
Block: Buckler           |    39 |    16 ||    55
